 Dungeon Crawl Stone Soup version 0.30-a0-365-ge7f957f1db (webtiles) character file.

Game seed: 16375829782231065793

974078 holysushi the Acrobat (level 27, -47/100 (222) HPs)
             Began as an Octopode Monk on Nov 16, 2022.
             Was an Initiate of Gozag.
             Killed from afar by a Hell Sentinel (61 damage)
             ... with damnation
             ... on level 4 of the Iron City of Dis on Nov 17, 2022.
             The game lasted 02:46:42 (88404 turns).

holysushi the Acrobat (Octopode Monk)              Turns: 88404, Time: 02:46:42

HP:   -47/100 (222) AC: -9    Str:  5 (6)  XL:     27
MP:   46/47         EV: 69    Int: 11      God:    Gozag
Gold: 1780          SH:  0    Dex: 53 (55) Spells: 48/48 levels left

rFire   + . .      SeeInvis +    c - +9 triple crossbow (freeze)
rCold   + . .      Faith    .    (shield currently unavailable)
rNeg    + + +      Spirit   .    W - -2 hat of the Alchemist {rElec rPois rF+ rC+ rN+ Will+ rMut rCorr}
rPois   +          Reflect  .    v - amulet of Wampiugh {Acrobat Harm Dex+4}
rElec   +          Harm     +    f - +4 ring of slaying
rCorr   +          Rampage  .    K - ring "Kapearoz" {rN++ MP+9 Int-5 Dex+3}
rMut    +                        E - ring of Nuuqughe {rElec rCorr Str-5 Slay+4 SInv}
Will    ++++.                    I - +6 ring of dexterity Stlth ***+++++++
                                 T - ring "Hoiqiffe" {Will+ Int+4 Dex+4}
HPRegen 0.36/turn                H - +4 ring of slaying
MPRegen 0.30/turn                n - +6 ring of dexterity
                                 R - +6 ring of dexterity

@: gold aura, studying 3 skills, extremely drained, corroded
A: almost no armour, amphibious, 8 rings, camouflage 1, gelatinous body 1,
(nimble swimmer 1), tentacles, dopey 1, screaming 1
}: 11/15 runes: decaying, serpentine, slimy, silver, obsidian, abyssal, demonic,
glowing, magical, fiery, dark
a: Renounce Religion, Potion Petition, Call Merchant, Bribe Branch


You were on level 4 of the Iron City of Dis.
You worshipped Gozag.
Gozag was most pleased with you.
You visited 13 branches of the dungeon, and saw 62 of its levels.
You visited Pandemonium 2 times, and saw 17 of its levels.
You visited the Abyss 1 time.
You also visited: Bailey, Gauntlet and Wizlab.

You collected 43376 gold pieces.
You spent 12283 gold pieces at shops.
You paid 29313 gold pieces to Gozag.

Inventory:

Hand Weapons
 a - a +8 quick blade of freezing
 c - a +9 triple crossbow of freezing (weapon)
 B - the +7 shortbow of Nemelex Xobeh's Favour {speed, rF++}
   (You found it on level 5 of the Pits of Slime)

   Attacks with this weapon are significantly faster.
   rF:        It greatly protects you from fire.
 U - the +8 storm bow {elec, penet}
   (You found it on level 7 of Gehenna)

   Any ammunition fired from it occasionally discharges a powerful burst of
   electricity upon striking a foe.
   Any ammunition fired by it passes through the targets it hits, potentially
   hitting all targets in its path until it reaches maximum range.
 Y - the +7 Singing Sword {vorpal, sonic wave}
   (You found it on level 3 of the Elven Halls)

   It inflicts extra damage upon your enemies.
   It radiates damaging sonic waves as it strikes, especially in combat
   involving dangerous or numerous foes.
Missiles
 C - 9 throwing nets
Armour
 W - the -2 hat of the Alchemist (worn) {rElec rPois rF+ rC+ rN+ Will+ rMut rCorr}
   (You bought it in a shop on level 2 of the Orcish Mines)

   rF:        It protects you from fire.
   rC:        It protects you from cold.
   rElec:     It insulates you from electricity.
   rPois:     It protects you from poison.
   rN:        It protects you from negative energy.
   rCorr:     It protects you from acid and corrosion.
   rMut:      It protects you from mutation.
   Will:      It increases your willpower.
Jewellery
 f - a +4 ring of slaying (left tentacle)
 n - a +6 ring of dexterity (on tentacle)
 v - the amulet of Wampiugh (around mantle) {Acrobat Harm Dex+4}
   (You took it off a guardian mummy on level 3 of the Crypt)

   [amulet of the acrobat]

   It increases your evasion while moving and waiting.
   Dex:       It affects your dexterity (+4).
   Harm:      It increases damage dealt and taken.
 E - the ring of Nuuqughe (on tentacle) {rElec rCorr Str-5 Slay+4 SInv}
   (You bought it in a shop on level 4 of the Depths)

   [ring of see invisible]

   Str:       It affects your strength (-5).
   Slay:      It affects your accuracy & damage with ranged weapons and melee
   (+4).
   rElec:     It insulates you from electricity.
   SInv:      It lets you see invisible.
   rCorr:     It protects you from acid and corrosion.
 H - a +4 ring of slaying (on tentacle)
 I - a +6 ring of dexterity (on tentacle)
 K - the ring "Kapearoz" (right tentacle) {rN++ MP+9 Int-5 Dex+3}
   (You found it on level 3 of the Crypt)

   [ring of magical power]

   Int:       It affects your intelligence (-5).
   Dex:       It affects your dexterity (+3).
   rN:        It greatly protects you from negative energy.
   MP:        It affects your magic capacity (+9).
 R - a +6 ring of dexterity (on tentacle)
 S - the amulet of Umaixik {Acrobat rElec Str+3 Slay+3}
   (You bought it in a shop on level 1 of the Swamp)

   [amulet of the acrobat]

   It increases your evasion while moving and waiting.
   Str:       It affects your strength (+3).
   Slay:      It affects your accuracy & damage with ranged weapons and melee
   (+3).
   rElec:     It insulates you from electricity.
 T - the ring "Hoiqiffe" (on tentacle) {Will+ Int+4 Dex+4}
   (You took it off an ironbound preserver on level 5 of the Vaults)

   [ring of willpower]

   Int:       It affects your intelligence (+4).
   Dex:       It affects your dexterity (+4).
   Will:      It increases your willpower.
 Z - the ring of Haesalem {rPois rCorr AC+4 Dex+3 Stlth-}
   (You bought it in a shop in Pandemonium)

   [ring of protection]

   AC:        It affects your AC (+4).
   Dex:       It affects your dexterity (+3).
   rPois:     It protects you from poison.
   rCorr:     It protects you from acid and corrosion.
   Stlth:     It makes you less stealthy.
Wands
 m - a wand of digging (2)
 r - a wand of iceblast (37)
 u - a wand of mindburst (38)
 D - a wand of paralysis (51)
 X - a wand of light (33)
Scrolls
 d - 11 scrolls of teleportation
 g - 18 scrolls of enchant armour
 s - 10 scrolls of butterflies
 z - 10 scrolls of fear
 J - 4 scrolls of silence
 L - 12 scrolls of magic mapping
 M - 6 scrolls of vulnerability
Potions
 e - 29 potions of curing
 h - 6 potions of lignification
 i - 21 potions of might
 j - 10 potions of heal wounds
 k - 20 potions of mutation
 l - 10 potions of cancellation
 o - 13 potions of brilliance
 p - 2 potions of resistance
 q - 4 potions of berserk rage
 t - 6 potions of attraction
 y - 2 potions of ambrosia
 A - 11 potions of flight
 G - 3 potions of haste
 P - 6 potions of invisibility
 Q - 5 potions of magic
Miscellaneous
 b - the horn of Geryon
 F - a condenser vane
 N - a phantom mirror
 O - a phial of floods
 V - a box of beasts


   Skills:
 - Level 26.9 Fighting
 - Level 8.5(9.0) Short Blades
 - Level 3.8(6.6) Long Blades
 - Level 26.9 Ranged Weapons
 - Level 26.9 Dodging
 - Level 26.9 Stealth
 + Level 11.0 Spellcasting
 - Level 26.9 Evocations


You had 48 spell levels left.
You didn't know any spells.
Your spell library contained the following spells:

 Spells                   Type           Power      Damage    Failure   Level
 Apportation              Tloc           12%        N/A       12%         1
 Beastly Appendage        Tmut           12%        N/A       12%         1
 Freeze                   Ice            24%        1d4       12%         1
 Kiss of Death            Conj/Necr      24%        2d7       12%         1
 Magic Dart               Conj           24%        1d4       12%         1
 Necrotise                Necr           24%        1d5       12%         1
 Sandblast                Erth           12%        2d6       12%         1
 Shock                    Conj/Air       24%        1d4       12%         1
 Slow                     Hex            24%        N/A       12%         1
 Blink                    Tloc           12%        N/A       17%         2
 Call Imp                 Summ           6%         N/A       17%         2
 Cigotuvi's Dreadful Rot  Necr/Pois/Air  12%        N/A       17%         2
 Ensorcelled Hibernation  Hex/Ice        12%        N/A       17%         2
 Momentum Strike          Conj/Tloc      12%        3d8       17%         2
 Passwall                 Tmut/Erth      5%         N/A       17%         2
 Poisonous Vapours        Pois/Air       12%        N/A       17%         2
 Searing Ray              Conj           12%        2d4       17%         2
 Static Discharge         Conj/Air       12%        2-3/arc   17%         2
 Sublimation of Blood     Necr           6%         N/A       17%         2
 Wereblood                Tmut           6%         N/A       17%         2
 Confusing Touch          Hex            6%         N/A       34%         3
 Dazzling Flash           Conj/Hex       12%        N/A       34%         3
 Frozen Ramparts          Ice            12%        1d2       34%         3
 Gell's Gravitas          Tloc           6%         N/A       34%         3
 Hailstorm                Conj/Ice       6%         3d4       34%         3
 Ignite Poison            Fire/Tmut/Pois 6%         N/A       34%         3
 Inner Flame              Hex/Fire       6%         N/A       34%         3
 Kindle Blastsparks       Fire/Tloc/Air  12%        2d11      34%         3
 Lesser Beckoning         Tloc           12%        N/A       34%         3
 Mephitic Cloud           Conj/Pois/Air  6%         N/A       34%         3
 Spider Form              Tmut/Pois      6%         N/A       34%         3
 Stone Arrow              Conj/Erth      12%        3d7       34%         3
 Swiftness                Air            6%         N/A       34%         3
 Teleport Other           Tloc           6%         N/A       34%         3
 Vampiric Draining        Necr           6%         2d6       34%         3
 Vhi's Electric Charge    Tloc/Air       12%        N/A       34%         3
 Airstrike                Air            3%         2d(1-17)  75%         4
 Anguish                  Hex/Necr       3%         N/A       75%         4
 Cause Fear               Hex            3%         N/A       75%         4
 Dispel Undead            Necr           6%         3d8       75%         4
 Flame Wave               Conj/Fire      6%         2d5       75%         4
 Fulminant Prism          Conj/Hex       3%         3d5       75%         4
 Iskenderun's Mystic Bla  Conj/Tloc      6%         2d4       75%         4
 Leda's Liquefaction      Hex/Erth       3%         N/A       75%         4
 Manifold Assault         Tloc           6%         N/A       75%         4
 Olgreb's Toxic Radiance  Pois           6%         N/A       75%         4
 Petrify                  Tmut/Erth      6%         N/A       75%         4
 Sticky Flame             Conj/Fire      6%         2d3       75%         4
 Summon Lightning Spire   Summ/Air       6%         N/A       75%         4
 Agony                    Necr           6%         N/A       97%         5
 Alistair's Intoxication  Tmut/Pois      4%         N/A       97%         5
 Arcjolt                  Conj/Air       3%         1d13      97%         5
 Blade Hands              Tmut           3%         N/A       97%         5
 Borgnjor's Vile Clutch   Necr/Erth      3%         N/A       97%         5
 Fireball                 Conj/Fire      3%         3d4       97%         5
 Freezing Cloud           Conj/Ice/Air   3%         6-21      97%         5
 Irradiate                Conj/Tmut      3%         3d12      97%         5
 Iskenderun's Battlesphe  Conj           6%         2d6       97%         5
 Lee's Rapid Deconstruct  Erth           3%         3d5*      97%         5
 Lightning Bolt           Conj/Air       3%         1d14      97%         5
 Silence                  Hex/Air        3%         N/A       97%         5
 Summon Forest            Summ/Tloc      3%         N/A       97%         5
 Conjure Ball Lightning   Conj/Air       3%         3x3d6     100%        6
 Death Channel            Necr           3%         N/A       100%        6
 Dispersal                Tloc           3%         N/A       100%        6
 Eringya's Noxious Bog    Tmut/Pois      3%         N/A       100%        6
 Iron Shot                Conj/Erth      3%         9d2       100%        6
 Statue Form              Tmut/Erth      4%         N/A       100%        6
 Dragon Form              Tmut           3%         N/A       100%        7
 Enfeeble                 Hex            3%         N/A       100%        7
 Haunt                    Necr/Summ      3%         N/A       100%        7
 Malign Gateway           Summ/Tloc      3%         N/A       100%        7
 Orb of Destruction       Conj           3%         9d5       100%        7
 Storm Form               Tmut/Air       3%         N/A       100%        7
 Summon Hydra             Summ           3%         N/A       100%        7
 Borgnjor's Revivificati  Necr           3%         N/A       100%        8
 Discord                  Hex            3%         N/A       100%        8
 Disjunction              Tloc           3%         N/A       100%        8
 Infestation              Necr           3%         N/A       100%        8
 Maxwell's Capacitive Co  Air            3%         ∞         100%        8
 Necromutation            Tmut/Necr      3%         N/A       100%        8
 Death's Door             Necr           3%         N/A       100%        9
 Dragon's Call            Summ           3%         N/A       100%        9
 Animate Armour           Summ/Erth      Unusable   N/A       N/A         4
 Animate Dead             Necr           Unusable   N/A       N/A         4

Dungeon Overview and Level Annotations

Branches:
Dungeon (15/15) Zot: 25359  Temple (0/1) D:6            Lair (5/5) D:9 Zot: 22647
  Swamp (4/4) Lair:2 Zot: 18895   Snake (4/4) Lair:3 Zot: 19526   Slime (5/5) Lair:4 Zot: 26439
    Orc (2/2) D:12 Zot: 10203     Elf (3/3) Orc:2 Zot: 13058  Vaults (5/5) D:14 Zot: 21152
  Crypt (3/3) Vaults:3 Zot: 13675    Tomb (0/3) Crypt:3      Depths (4/4) D:15 Zot: 15443
   Hell (visited)             Dis (4/7) Hell Zot: 26679     Geh (7/7) Hell Zot: 26679
    Coc (0/7) Hell            Tar (0/7) Hell            Zot (0/5) Depths:4
 Bailey (visited)          WizLab (visited)         Gauntlet (visited)

Altars:
Cheibriados
Elyvilon
Fedhas
Gozag
Hepliaklqana
Kikubaaqudgha
Nemelex Xobeh
Okawaru
Qazlal
Ru
Sif Muna
Trog
Uskayaw
Vehumet
Wu Jian
Xom
Yredelemnul
Zin
Jiyva
Lugonu

Shops:
D:2 !   D:10 *   D:11 :   D:13 (   Orc:2 *[:=:   Elf:2 ?   Elf:3 :   Lair:3 (?
Lair:4 (   Swamp:1 =   Snake:1 (   Vaults:2 *   Vaults:3 [   Crypt:3 :=*
Hell ?=   Depths:1 [*   Depths:2 :=:   Depths:4 (=:*=[?=[

Portals:
Hell: Depths:1 Depths:2 Depths:3 Depths:4
Abyss: Slime:3 Depths:3
Pandemonium: Depths:2 Depths:4
Ziggurat: Depths:2

Annotations:
D:6 exclusion: statue
Lair:1 exclusion: downstairs
Lair:4 exclusion: downstairs
Elf:2 3 runed translucent doors, exclusion: downstairs
Dis:2 exclusion: door


Innate Abilities, Weirdness & Mutations

You cannot wear most types of armour.
You are amphibious.
You can wear up to eight rings at the same time.
Your skin changes colour to match your surroundings (Stealth+).
Your rubbery body absorbs attacks. (AC +1, EV +1)
((You are camouflaged when in or above water. (Stealth+)))
You have tentacles for arms and can constrict up to eight enemies at once.
You are dopey. (Int -2)
You occasionally shout uncontrollably at your foes.


Message History

The quicksilver elemental is moderately damaged.
The quicksilver elemental breathes dispelling energy at you.
The bolt of dispelling energy misses you.
The quicksilver elemental breathes dispelling energy at you.
The bolt of dispelling energy misses you.
The quicksilver elemental breathes dispelling energy at you.
The bolt of dispelling energy misses you.
Fire: c) +9 triple crossbow (freeze)
Press: ? - help, Q - select action, (/) - cycle Shift-Dir - straight line, f/p - quicksilver elemental
Aim: a quicksilver elemental (moderately damaged, catching its breath, 75% to hit)
You shoot a bolt.
The bolt hits the quicksilver elemental!!!!
You destroy the quicksilver elemental!
The caustic shrike is distracted by your dazzling golden aura.
You feel the corruption within you wane completely.
You feel healthier.
Your Spellcasting skill increases to level 11!
As you read the scroll of summoning, it crumbles to dust.
Wisps of shadow whirl around you...
The quicksilver elemental breathes dispelling energy at you.
The bolt of dispelling energy hits you!!
Your magical effects are unravelling.
* * * LOW HITPOINT WARNING * * *
A Hell Sentinel comes into view.
The caustic shrike misses you.
The quicksilver elemental is distracted by your dazzling golden aura.
The caustic shrike screeches!
Okay, then.
Blink to where?
Press: ? - help, Dir - move target A caustic shrike comes into view.
As you read the scroll of blinking, it crumbles to dust.
The sentinel's mark upon you fades away.
A caustic shrike comes into view.
You yell at the caustic shrike!
The Hell Sentinel gestures at you.
The sphere of damnation explodes!
The damnation engulfs you!!!
Ouch! That really hurt!
You die...
Your body crumbles into a pile of gold.

###################
#.......§z..$..1b.b
#.......b9.@...#
#......b.z#+##.#
#........##..###
#.....E..#.....###
#......b##....^§.##+
#..$...##..........#
#....1b#..E..^.....#
#.....##.........2.#
#....E'...L.12.§...#


You could see a Hell Sentinel, 4 caustic shrikes, a quicksilver elemental, 2
friendly ancient champions and a friendly war gargoyle (summoned).

Vanquished Creatures
  Cerebov (Pan)
  Asmodeus (Geh:7)
  the Royal Jelly (Slime:5)
  Gloorx Vloq (Pan)
  Lom Lobon (Pan)
  Mnoleg (Pan)
  A seraph (Pan)
  A dread lich (Geh:6)
  3 ancient liches (Crypt:3)
  Mennas (Pan)
  4 pandemonium lords (Pan)
  2 juggernauts
  Saint Roka (Crypt:2)
  the Lernaean hydra (Swamp:4)
  Margery (Vaults:5)
  Geryon (Hell)
  2 curse toes (Crypt:3)
  2 caustic shrikes
  5 golden dragons
  2 profane servitors
  Jory (Vaults:4)
  2 pearl dragons (Pan)
  6 bone dragons
  15 Brimstone Fiends
  An Ice Fiend (Pan)
  Jorgrun (D:14)
  16 tentacled monstrosities
  Zenata (Elf:3)
  5 liches
  2 walking earthen tomes
  12 hellephants
  Rupert (D:13)
  5 Hell Sentinels
  3 deep elf master archers
  27 searing wretches
  A walking crystal tome (Depths:3)
  15 acid blobs
  A walking divine tome (Depths:2)
  4 quicksilver dragons
  3 deep elf blademasters
  27 Executioners (Pan)
  Frances (D:14)
  3 tentacled starspawn (Abyss:3)
  6 shadow dragons
  9 sphinxes
  13 ancient champions
  2 storm dragons
  A draconian monk (Depths:4)
  Kirke (D:13)
  6 revenants
  6 azure jellies
  10 tengu reavers
  Donald (Swamp:3)
  14 demonspawn warmongers (Pan)
  18 daevas (Pan)
  7 nagarajas
  21 fire giants
  A draconian knight (Depths:4)
  9 rockslimes (Slime:5)
  5 deep elf sorcerers
  16 frost giants
  15 vault wardens
  Aizul (Snake:1)
  46 balrugs
  A juggernaut zombie (Crypt:3)
  2 quicksilver elementals
  6 iron dragons
  4 curse skulls
  26 cacodemons
  29 angels (Pan)
  3 draconian annihilators
  10 quicksilver oozes
  36 very ugly things
  5 deep elf elementalists
  2 caustic shrike skeletons (Pan)
  3 spectral caustic shrikes (Depths:2)
  2 orc warlords
  3 demonspawn blood saints (Pan)
  15 reapers
  19 ironbound preservers
  A juggernaut skeleton (Pan)
  4 starflowers (Abyss:1)
  5 ironbound thunderhulks
  29 apis (Pan)
  8 war gargoyles
  26 stone giants
  9 demonspawn corrupters
  4 eleionomae
  An elemental wellspring (Hell)
  8 vampire knights
  8 demonspawn black suns (Pan)
  A yellow draconian (Depths:4)
  11 deep elf demonologists
  3 green draconians (Depths:4)
  17 ophanim
  A putrid mouth (Depths:1)
  7 lorocyprocas
  A black draconian (Depths:4)
  A purple draconian (Depths:4)
  16 deep elf annihilators
  20 dire elephants
  A minotaur (Gauntlet)
  8 spark wasps
  3 eidola
  5 bunyips
  A wendigo (Hell)
  18 blizzard demons
  15 ettins
  7 deep elf death magi
  5 green deaths
  Josephine (Swamp:1)
  Snorg (Lair:5)
  11 great orbs of eyes
  A mummy priest (Pan)
  An entropy weaver (Vaults:3)
  14 jiangshi
  2 deep elf high priests
  An entropy weaver (shapeshifter) (D:14)
  10 fire dragons
  15 yaktaur captains
  A shambling mangrove (Swamp:3)
  19 hydras
  6 rakshasas
  35 vault guards
  6 ice dragons
  A spriggan zombie (Crypt:3)
  3 hell beasts (Pan)
  3 spriggan air magi
  A peacekeeper (Vaults:2)
  3 boulder beetles
  Erolcha (D:13)
  2 centaur warriors
  4 salamander tyrants
  12 ironbound frosthearts
  An ogre mage (Vaults:5)
  A caustic shrike simulacrum (Hell)
  2 ghost crabs (Swamp:1)
  2 juggernaut simulacra (Pan)
  A merfolk avatar (Lair:5)
  3 spriggan skeletons
  5 two-headed ogres
  7 alligators
  12 vampire magi
  7 anacondas
  17 deep troll shamans
  A death knight (Crypt:3)
  11 deep troll earth magi
  4 death yaks
  4 naga warriors
  12 dancing weapons
  7 stokers
  5 orc high priests (Orc:2)
  21 naga sharpshooters
  4 thrashing horrors (Abyss:3)
  6 shock serpents
  18 hell hogs
  8 tengu warriors
  17 deep elf knights
  21 hell knights
  A storm dragon zombie (Crypt:2)
  10 shadow wraiths
  7 spriggan berserkers
  75 sun demons
  2 salamander mystics (Snake:4)
  26 soul eaters
  2 crystal echidnas (Dis:3)
  4 wretched stars (Abyss:3)
  20 iron trolls
  Nergalle (Lair:1)
  A goliath frog (shapeshifter) (Vaults:5)
  23 sixfirhies
  Amaemon (Lair:2)
  A bunyip zombie (Swamp:1)
  46 skeletal warriors
  2 sea snakes
  10 shadow demons
  71 deep trolls
  21 cherubim (Pan)
  A death drake (shapeshifter) (Vaults:5)
  2 orb spiders (shapeshifter)
  8 flayed ghosts
  3 starcursed masses (Abyss:3)
  A sea snake (shapeshifter) (Vaults:2)
  19 ironbound convokers
  2 naga ritualists
  5 goliath frogs
  18 deep elf archers
  10 swamp dragons
  2 golden dragon zombies (Depths:3)
  2 shadow dragon zombies
  8 spriggan druids
  An iron giant skeleton (Crypt:3)
  13 necromancers
  3 spriggan simulacra
  7 glowing orange brains
  7 harpies
  A swamp dragon (shapeshifter) (Depths:4)
  2 golden dragon skeletons
  11 wizards
  6 bog bodies
  4 anaconda skeletons (Crypt:3)
  14 phantasmal warriors
  32 deep elf zephyrmancers
  24 deep elf pyromancers
  A wolf spider (Vaults:5)
  12 lindwurms
  A faun (shapeshifter) (D:15)
  5 mana vipers
  45 ugly things
  8 cyclopes
  5 orc sorcerers
  17 orc knights
  A tengu skeleton (Crypt:3)
  6 shining eyes
  A salamander (shapeshifter) (Gauntlet)
  4 worldbinders (WizLab)
  8 salamanders
  3 elephants (Lair:3)
  A manticore (shapeshifter) (Gauntlet)
  5 manticores
  A dire elephant zombie (Crypt:3)
  3 iron dragon skeletons
  An elephant (shapeshifter) (Depths:1)
  An apocalypse crab (Abyss:3)
  5 ice statues (Pan)
  A stone giant skeleton (Pan)
  35 smoke demons
  32 black mambas
  2 water nymphs (WizLab)
  11 rust devils
  Joseph (D:7)
  A gargoyle (D:12)
  A guardian serpent (shapeshifter) (D:13)
  15 naga magi
  15 vault sentinels
  6 guardian serpents
  4 centaur skeletons
  32 orange demons
  A titan simulacrum (Hell)
  2 eyes of devastation
  2 dire elephant skeletons (Crypt:3)
  4 unseen horrors
  9 cane toads
  9 hellions
  A red draconian zombie (Crypt:1)
  9 komodo dragons
  A freezing wraith (Crypt:1)
  An unseen horror (shapeshifter) (Elf:1)
  22 yaktaurs
  3 efreet
  5 kobold demonologists
  7 rime drakes
  7 tormentors
  9 demonic crawlers
  A bunyip simulacrum (Swamp:1)
  2 human skeletons
  4 tengu conjurers
  4 hydra zombies
  8 ice devils
  23 hellwings
  A minotaur skeleton (Pan)
  6 red devils
  4 guardian mummies (Crypt:3)
  A harpy zombie (Crypt:2)
  A mana viper zombie (Crypt:3)
  5 trolls
  5 meliai (Abyss:3)
  A queen bee (Abyss:3)
  4 polar bears
  88 slime creatures
  2 bloated husks
  14 hornets
  A raiju (Abyss:3)
  6 tyrant leeches
  A hornet (shapeshifter) (D:14)
  8 blink frogs
  A fire dragon zombie (Crypt:2)
  2 harpy skeletons
  A tarantella zombie (Crypt:3)
  A snapping turtle (Lair:5)
  An alligator zombie (Swamp:1)
  An air elemental (Elf:3)
  15 flying skulls
  4 wyverns
  2 naga simulacra
  9 water elementals
  13 wraiths
  2 yaks (shapeshifter)
  22 ynoxinuls
  A dire elephant simulacrum (Hell)
  16 spriggans
  3 fire elementals (Elf:1)
  A black mamba skeleton (Pan)
  48 large abominations
  4 hogs
  6 golden eyes
  65 yaks
  A human (D:13)
  2 basilisks
  An elf skeleton (Vaults:4)
  A steam dragon (D:9)
  13 chaos spawn
  A redback (shapeshifter) (Depths:3)
  15 swamp worms
  25 vampire mosquitoes
  25 neqoxecs
  2 harpy simulacra (Hell)
  44 nagas
  2 wargs (Orc:1)
  An acid dragon (D:11)
  2 naga skeletons
  A faun zombie (Crypt:3)
  10 water moccasins
  A glowing shapeshifter zombie (Vaults:4)
  3 floating eyes (Pan)
  10 swamp drakes
  A water nymph skeleton (Crypt:1)
  45 orc warriors
  An ice beast (D:7)
  A swamp dragon zombie (Crypt:1)
  2 human zombies
  3 black bears
  4 small abominations (Abyss:3)
  5 centaurs
  15 wolves
  8 boggarts
  3 ogres
  2 phantoms (D:3)
  A lindwurm skeleton (Crypt:1)
  4 kobold brigands
  16 bullfrogs
  3 earth elementals
  7 gnoll sergeants (Bailey)
  A necrophage (D:4)
  4 scorpions
  2 swamp dragon simulacra (Swamp:1)
  A warg skeleton (Crypt:2)
  3 killer bees (D:7)
  6 howler monkeys
  A wolf zombie (Crypt:2)
  3 electric eels
  4 crimson imps (Pan)
  A jelly (D:5)
  3 quasits (Abyss:3)
  Crazy Yiuf (D:7)
  6 hounds
  31 orc priests
  7 gnoll boudas
  5 iguanas
  19 orc wizards
  A hound skeleton (Crypt:2)
  26 gnolls
  9 adders
  A shadow imp (Gauntlet)
  4 white imps
  A worm zombie (Crypt:3)
  An adder zombie (Crypt:3)
  An adder skeleton (Crypt:2)
  4 worms
  A dart slug (D:2)
  127 orcs
  7 bats
  2 endoplasms
  3 giant cockroaches
  14 goblins
  6 hobgoblins
  A jackal (D:2)
  2 quokkas
  6 ball pythons
  A ball python zombie (Crypt:1)
  4 frilled lizards
  A goblin skeleton (Crypt:2)
  A goblin zombie (Crypt:1)
  14 kobolds
  A kobold skeleton (Crypt:3)
  6 rats
  A river rat skeleton (Crypt:2)
  2 ball lightnings (Pan)
  A butterfly (Lair:1)
  6 creeping infernos
  37 fire vortices
  2 lurking horrors (Abyss:3)
  3 starspawn tentacles (Abyss:3)
3151 creatures vanquished.

Vanquished Creatures (collateral kills)
  Ignacio (Pan)
  An Executioner (Pan)
  A demonspawn blood saint (Pan)
  An orange demon (Pan)
4 creatures vanquished.

Vanquished Creatures (others)
  An eldritch tentacle (Pan)
  A hell beast (Pan)
  A deep elf knight (Elf:1)
  A guardian serpent (Snake:4)
  A bloated husk (Swamp:1)
  An orc wizard (D:6)
  4 bushes
  6 demonic plants
  A fire vortex (Pan)
  47 fungi
  2 lurking horrors (Slime:3)
  54 plants
  A starspawn tentacle (Abyss:3)
  2 withered plants (Gauntlet)
123 creatures vanquished.

Grand Total: 3278 creatures vanquished

Notes
Turn   | Place    | Note
-------+----------+-------------------------------------------
     0 | D:1      | holysushi the Octopode Monk began the quest for the Orb.
     0 | D:1      | Reached XP level 1. HP: 16/16 MP: 1/1
    81 | D:1      | Reached XP level 2. HP: 19/21 MP: 2/2
   690 | D:1      | Reached skill level 1 in Short Blades
   764 | D:1      | Reached XP level 3. HP: 26/26 MP: 3/3
  1180 | D:2      | Found a bloodstained altar of Trog.
  1268 | D:2      | Reached XP level 4. HP: 31/31 MP: 4/4
  1503 | D:2      | Found Riots's Distillery.
  1511 | D:2      | Bought a potion of curing for 36 gold pieces
  1898 | D:3      | Found a bloodstained altar of Trog.
  1940 | D:3      | Found an opulent altar of Gozag.
  2025 | D:3      | Became a worshipper of Gozag Ym Sagoz the Greedy
  2198 | D:3      | Noticed a phantom
  2225 | D:3      | Killed a phantom
  2226 | D:3      | Reached XP level 5. HP: 20/36 MP: 5/5
  2568 | D:4      | Reached skill level 5 in Short Blades
  2568 | D:4      | Reached XP level 6. HP: 18/42 MP: 6/6
  3059 | D:4      | Reached XP level 7. HP: 46/46 MP: 7/7
  3392 | D:4      | Found a basalt altar of Yredelemnul.
  3711 | D:5      | Entered Level 5 of the Dungeon
  3712 | D:5      | Found a stormy altar of Qazlal.
  3712 | D:5      | Found a shimmering altar of Xom.
  3798 | D:5      | Found a hazy altar of Hepliaklqana.
  3847 | D:5      | Found an ancient bone altar of Kikubaaqudgha.
  4334 | D:5      | Found an ornate altar of the Wu Jian Council.
  5071 | D:6      | Found a white marble altar of Elyvilon.
  5077 | D:6      | Reached XP level 8. HP: 52/52 MP: 8/8
  5180 | D:6      | Found a staircase to the Ecumenical Temple.
  5183 | D:6      | Found a radiant altar of Vehumet.
  5391 | D:6      | Reached skill level 5 in Stealth
  5567 | D:6      | Identified the +0 robe "Kapoxy" {Fly rElec Int-4 SInv}
  5635 | D:6      | Reached skill level 5 in Dodging
  6027 | D:6      | Found an iron altar of Okawaru.
  6055 | D:6      | Found a sparkling altar of Nemelex Xobeh.
  6133 | D:7      | Noticed Joseph
  6467 | D:7      | Killed Joseph
  6592 | D:7      | Reached XP level 9. HP: 56/58 MP: 9/9
  6625 | D:7      | Identified a scroll of acquirement
  6625 | D:7      | Acquired the +3 crown of Dyrovepreva {rElec Int+2 SInv}
  6625 | D:7      | Found the +3 crown of Dyrovepreva {rElec Int+2 SInv}
  6895 | D:7      | Identified the +2 dagger of the Philosopher {antimagic,
                  | rC+}
  7243 | D:7      | Found a runed translucent door.
  7244 | D:7      | Noticed Crazy Yiuf
  7251 | D:7      | Killed Crazy Yiuf
  7252 | D:7      | Identified the +9 hammer of the Abyss {pain, SInv Stlth+}
  7429 | D:8      | Found a snail-covered altar of Cheibriados.
  7520 | D:8      | Found a flagged portal.
  7542 | Bailey   | Entered a bailey
  8457 | Bailey   | Reached skill level 1 in Evocations
  9095 | D:8      | Noticed a boulder beetle
  9114 | D:8      | Killed a boulder beetle
  9115 | D:8      | Reached skill level 5 in Fighting
  9115 | D:8      | Reached XP level 10. HP: 53/66 MP: 10/10
  9474 | D:8      | Noticed an orc knight
  9486 | D:8      | Killed an orc knight
  9779 | D:9      | Found a staircase to the Lair.
  9876 | D:9      | Reached skill level 10 in Dodging
 10717 | D:10     | Entered Level 10 of the Dungeon
 10734 | D:10     | Found a blossoming altar of Fedhas.
 10744 | D:10     | Noticed a cyclops
 10752 | D:10     | Killed a cyclops
 10753 | D:10     | Reached XP level 11. HP: 52/72 MP: 11/11
 10970 | D:10     | Noticed a two-headed ogre
 10989 | D:10     | Killed a two-headed ogre
 11207 | D:10     | Reached skill level 5 in Evocations
 11527 | Lair:1   | Entered Level 1 of the Lair of Beasts
 11648 | Lair:1   | Noticed Nergalle
 11678 | Lair:1   | Killed Nergalle
 11990 | Lair:1   | You fall into a shaft and drop 1 floor!
 12331 | Lair:2   | Found a staircase to the Swamp.
 12414 | Lair:2   | Noticed Amaemon
 12439 | Lair:2   | Killed Amaemon
 12440 | Lair:2   | Noticed a four-headed hydra
 12584 | Lair:1   | Reached skill level 10 in Stealth
 12584 | Lair:1   | Reached XP level 12. HP: 80/80 MP: 12/12
 13185 | Lair:2   | Killed a four-headed hydra
 13697 | Lair:3   | Found a staircase to the Snake Pit.
 14713 | Lair:3   | Bought a scroll of identify for 28 gold pieces
 14713 | Lair:3   | Bought a scroll of identify for 28 gold pieces
 14713 | Lair:3   | Bought a scroll of identify for 28 gold pieces
 14713 | Lair:3   | Bought a scroll of enchant weapon for 105 gold pieces
 14744 | Lair:4   | Bought a slimy longbow for 264 gold pieces
 14744 | Lair:4   | Identified the +8 longbow "Hell-Harrower" {flame, rF+} (You
                  | bought it in a shop on level 4 of the Lair of Beasts)
 14794 | Lair:4   | Reached skill level 15 in Dodging
 14800 | Lair:4   | Reached skill level 1 in Ranged Weapons
 14830 | Lair:4   | Noticed a boulder beetle
 14866 | Lair:4   | Killed a boulder beetle
 14867 | Lair:4   | Reached XP level 13. HP: 88/88 MP: 13/13
 15349 | Lair:4   | Found a staircase to the Slime Pits.
 15358 | Lair:4   | Found a viscous altar of Jiyva.
 15648 | Lair:5   | Entered Level 5 of the Lair of Beasts
 15752 | Lair:4   | Reached skill level 5 in Ranged Weapons
 16039 | Lair:5   | Noticed Snorg
 16050 | Lair:5   | Killed Snorg
 16931 | Lair:5   | Reached skill level 10 in Ranged Weapons
 17428 | Lair:5   | Noticed a dire elephant
 17862 | Lair:5   | Reached XP level 14. HP: 83/94 MP: 14/14
 18496 | D:10     | Bought a scroll labelled TIAFIRRE WYSI for 34 gold pieces
 18945 | D:11     | Found Kurergh's Book Emporium.
 19415 | D:11     | Found a glowing silver altar of Zin.
 19755 | D:12     | Found a gate leading to a gauntlet.
 19765 | Gauntlet | Entered a Gauntlet
 19765 | Gauntlet | Found a transporter.
 19765 | Gauntlet | Found a transporter.
 19767 | Gauntlet | Found a transporter.
 19767 | Gauntlet | Found the +3 robe of Clouds {*Thunder rCloud rElec}
 19769 | Gauntlet | Found a transporter.
 19769 | Gauntlet | Found a transporter.
 19771 | Gauntlet | Found a transporter.
 19778 | Gauntlet | Found a transporter.
 19779 | Gauntlet | Found a transporter.
 19780 | Gauntlet | Found a transporter.
 19784 | Gauntlet | Noticed a cacodemon
 19785 | Gauntlet | Found a transporter.
 19793 | Gauntlet | Found a transporter.
 19793 | Gauntlet | Found a transporter.
 20036 | Gauntlet | Killed a cacodemon
 20124 | Gauntlet | Identified the +7 scimitar "Rynwum" {venom, rCorr}
 20124 | Gauntlet | Identified the +6 flail "Roedgh" {protect, rElec rPois
                  | Int-4 Dex+6}
 20243 | D:12     | Found a staircase to the Orcish Mines.
 20368 | D:12     | Identified the +1 leather armour "Tebud" {rElec rPois rN+}
 21076 | D:13     | Noticed Rupert
 21091 | D:13     | Killed Rupert
 21659 | D:13     | Noticed Erolcha
 21663 | D:13     | Killed Erolcha
 21949 | D:13     | Reached skill level 15 in Ranged Weapons
 22041 | D:13     | Found Kofyr's Weapon Shop.
 22119 | D:13     | Noticed Kirke
 22349 | D:13     | Noticed a sphinx
 22349 | D:13     | Killed Kirke
 22654 | D:14     | Reached XP level 15. HP: 99/99 MP: 15/15
 22711 | D:14     | Noticed Jorgrun
 23080 | D:2      | Bought a potion of haste for 120 gold pieces
 23080 | D:2      | Bought a potion of haste for 120 gold pieces
 23298 | Swamp:1  | Entered Level 1 of the Swamp
 24626 | Swamp:1  | Noticed Josephine
 24642 | Swamp:1  | Killed Josephine
 24946 | Swamp:1  | Reached skill level 10 in Fighting
 25088 | Swamp:1  | Found a shimmering altar of Xom.
 25336 | Swamp:1  | Bought the amulet of Umaixik {Acrobat rElec Str+3 Slay+3}
                  | for 943 gold pieces
 26245 | Swamp:1  | Bought the ring of Tehirurph {rElec AC+4 Str+4} for 876
                  | gold pieces
 26248 | Swamp:1  | Bought a +4 ring of evasion for 540 gold pieces
 26355 | Swamp:3  | Noticed Donald
 26362 | Swamp:3  | Killed Donald
 26823 | Swamp:3  | Reached XP level 16. HP: 114/114 MP: 16/16
 27070 | Swamp:4  | Entered Level 4 of the Swamp
 28165 | Swamp:4  | Noticed the 27-headed Lernaean hydra
 28174 | Swamp:4  | Killed the 27-headed Lernaean hydra
 29065 | Swamp:4  | Got a decaying rune of Zot
 29311 | Snake:1  | Entered Level 1 of the Snake Pit
 29319 | Snake:1  | Found Valo's Antique Weapon Boutique.
 30132 | Snake:1  | Reached XP level 17. HP: 124/125 MP: 17/17
 30172 | Snake:1  | Noticed Aizul
 30181 | Snake:1  | Killed Aizul
 32481 | Snake:4  | Entered Level 4 of the Snake Pit
 32914 | Snake:4  | Identified the +0 buckler of the Lizard {Dex+4}
 33079 | Snake:4  | Noticed a quicksilver dragon
 33085 | Snake:4  | Noticed a quicksilver dragon
 33088 | Snake:4  | Killed a quicksilver dragon
 33101 | Snake:4  | Killed a quicksilver dragon
 33226 | Snake:4  | Got a serpentine rune of Zot
 33862 | Snake:4  | Reached XP level 18. HP: 131/131 MP: 18/18
 34040 | Orc:1    | Entered Level 1 of the Orcish Mines
 34305 | Orc:2    | Entered Level 2 of the Orcish Mines
 34350 | Orc:2    | Found Edudyh's Assorted Antiques.
 34588 | Orc:2    | Gained mutation: You are dopey. (Int -2) [a neqoxec]
 35102 | Orc:2    | Found a staircase to the Elven Halls.
 35449 | Orc:2    | Found Dimoubot's Antique Armour Boutique.
 35452 | Orc:2    | Found Ziusai Lokk's Jewellery Shop.
 35453 | Orc:2    | Found Poyzigoo's Book Boutique.
 35454 | Orc:2    | Found Ylemifum's Book Boutique.
 35461 | Orc:2    | Bought the -2 hat of the Alchemist {rElec rPois rF+ rC+ rN+
                  | Will+ rMut rCorr} for 802 gold pieces
 35461 | Orc:2    | Found the -2 hat of the Alchemist {rElec rPois rF+ rC+ rN+
                  | Will+ rMut rCorr}
 35909 | Elf:1    | Entered Level 1 of the Elven Halls
 36481 | Elf:1    | Got the Opusculum on Confrontation
 37218 | Elf:2    | Noticed a deep elf blademaster
 37226 | Elf:2    | Killed a deep elf blademaster
 37230 | Elf:2    | Reached XP level 19. HP: 136/136 MP: 19/19
 37413 | Elf:2    | Found Verah's Magic Scroll Shoppe.
 37423 | Elf:2    | Bought a scroll of acquirement for 936 gold pieces
 37423 | Elf:2    | Bought a scroll of acquirement for 936 gold pieces
 37423 | Elf:2    | Bought a scroll of enchant weapon for 135 gold pieces
 37423 | Elf:2    | Bought a scroll of brand weapon for 171 gold pieces
 37423 | Elf:2    | Bought a scroll of brand weapon for 171 gold pieces
 37423 | Elf:2    | Acquired 849 gold pieces
 37425 | Elf:2    | Acquired a +0 triple crossbow of freezing
 37484 | Elf:2    | Found a runed translucent gate.
 37484 | Elf:2    | Found a runed translucent gate.
 37485 | Elf:2    | Found a runed translucent gate.
 37930 | Elf:3    | Entered Level 3 of the Elven Halls
 38382 | Elf:3    | Identified the +5 morningstar "Depnik" {flame, MP+9 Str-3
                  | Dex-4 SInv}
 38397 | Elf:3    | Reached skill level 15 in Stealth
 38456 | Elf:3    | Noticed Zenata
 39136 | Elf:3    | Identified the +11 dagger of the Decaying God {pain, rPois
                  | rF+ rCorr}
 39250 | Elf:3    | Identified the +9 halberd of the Old World {venom, rPois
                  | rC+ rCorr}
 39250 | Elf:3    | Identified the ring of Ephemeral Luck {rElec AC+4}
 39612 | Elf:3    | Killed Zenata
 39950 | Elf:3    | Found the +2 shield of Resistance {rF++ rC++ Will++}
 39967 | Elf:3    | Found the +8 demon trident "Rift" {distort, reach+}
 39968 | Elf:3    | Found the +3 Elemental Staff {rElec rF++ rC++ AC+5}
 39972 | Elf:3    | Found the +3 hat of Pondering {ponderous, Will+ MP+10
                  | Int+5}
 40171 | Elf:3    | Found the +7 Singing Sword {vorpal, sonic wave}
 40223 | Elf:3    | Identified the +6 plate armour of Jerout {rF+ rN+}
 40229 | Elf:3    | Got Asmodeus's Disquisition on the Entourage
 40232 | Elf:3    | Identified the +10 arbalest "Pummor" {freeze, rElec Int+3
                  | Dex-4}
 40869 | Elf:3    | Found Ujo Cyo's Tremendous Tomes.
 41121 | D:14     | Killed Jorgrun
 41288 | D:14     | Found a gate to the Vaults.
 41374 | D:14     | Found a hide-covered altar of Uskayaw.
 41427 | D:14     | Noticed Frances
 41436 | D:14     | Killed Frances
 41577 | D:14     | Found a sacrificial altar of Ru.
 41850 | Vaults:1 | Entered Level 1 of the Vaults
 41968 | Vaults:1 | Reached XP level 20. HP: 143/143 MP: 20/20
 42549 | Vaults:1 | Reached skill level 10 in Evocations
 43742 | Vaults:2 | Found Uqeucos's General Store.
 43750 | Vaults:2 | Bought a wand of light (5) for 420 gold pieces
 43750 | Vaults:2 | Bought a scroll of magic mapping for 150 gold pieces
 45126 | Vaults:3 | Reached skill level 15 in Fighting
 45208 | Vaults:3 | Found Pebruon's Armour Emporium.
 45257 | Vaults:3 | Reached XP level 21. HP: 121/151 MP: 21/21
 46446 | Vaults:3 | Found a staircase to the Crypt.
 46575 | Vaults:4 | Acquired 548 gold pieces
 46664 | Vaults:4 | Found a magical portal.
 46692 | WizLab   | Entered Alistair's Party Mansion
 47420 | WizLab   | Got the Codex of Moulding
 47424 | WizLab   | Got Pecsat's Compendium of Vitiation and Transmigration
 47437 | WizLab   | Acquired 735 gold pieces
 48092 | Vaults:4 | Noticed Jory
 48122 | Vaults:4 | Killed Jory
 48312 | Vaults:4 | Reached XP level 22. HP: 126/162 MP: 22/22
 48926 | Vaults:5 | Entered Level 5 of the Vaults
 49167 | Vaults:5 | Noticed a golden dragon
 49676 | Vaults:5 | Killed a golden dragon
 50186 | Vaults:5 | Got a silver rune of Zot
 50188 | Vaults:5 | Got the Verses on Entrancing Convocation
 50237 | Vaults:5 | Identified the +0 cloak of the Protecting Gods {Fly rPois
                  | rC+}
 50254 | Vaults:5 | Identified the ring "Hoiqiffe" {Will+ Int+4 Dex+4}
 50376 | Vaults:5 | Noticed Margery
 50390 | Vaults:5 | Killed Margery
 50535 | Vaults:5 | Identified the ring of Morechoj {rElec rCorr Str+4}
 50548 | Vaults:5 | Reached XP level 23. HP: 174/174 MP: 23/23
 50548 | Vaults:5 | Identified the +6 plate armour of Qazlal's Hope {rElec rC+}
 50955 | Vaults:5 | Noticed a golden dragon
 50961 | Vaults:5 | Killed a golden dragon
 51568 | Vaults:5 | Got the Quarto of the Assembled Salvo
 51570 | Vaults:5 | Got the Secrets of Mutable Ice
 51900 | D:15     | Entered Level 15 of the Dungeon
 52243 | D:15     | Identified the +6 long sword of Xom's Anger {venom, Will+
                  | Str+4 Stlth-}
 52523 | D:15     | Found a staircase to the Depths.
 52613 | Depths:1 | Entered Level 1 of the Depths
 52620 | Depths:1 | Found Moeskaqa's Assorted Antiques.
 52776 | D:15     | Reached skill level 15 in Evocations
 53419 | Depths:1 | Found Cach's Antique Armour Shoppe.
 53760 | Depths:1 | Identified the +5 flail of the Orb {vorpal, *Noise rC++
                  | Will+ Stlth+}
 53856 | Depths:1 | Reached XP level 24. HP: 180/180 MP: 23/23
 54274 | Depths:1 | Found a gateway to Hell.
 54295 | Hell     | Entered the Vestibule of Hell
 54371 | Depths:2 | Reached XP level 25. HP: 171/186 MP: 23/23
 54497 | Depths:2 | Found a one-way gateway to a ziggurat.
 54695 | Depths:2 | Identified the +7 short sword of Defence {pain, rElec Will+
                  | Int-5}
 55403 | Depths:2 | Found Qagagum's Book Shoppe.
 55403 | Depths:2 | Found Miusmed's Jewellery Shop.
 55406 | Depths:2 | Found Atsi's Book Shoppe.
 55416 | Depths:2 | Bought a manual of Ranged Weapons for 1360 gold pieces
 55774 | Depths:2 | Found a one-way gate leading to the halls of Pandemonium.
 55826 | Depths:2 | Found a shimmering blue altar of Sif Muna.
 55937 | Depths:3 | Found a one-way gate to the infinite horrors of the Abyss.
 56095 | Depths:3 | Noticed a juggernaut
 56104 | Depths:3 | Killed a juggernaut
 57200 | Depths:4 | Entered Level 4 of the Depths
 58005 | Depths:4 | Reached XP level 26. HP: 193/193 MP: 23/23
 58096 | Depths:4 | Found a gate to the Realm of Zot.
 58294 | Depths:4 | Noticed a juggernaut
 58301 | Depths:4 | Killed a juggernaut
 59037 | Depths:4 | Bought the ring of Nuuqughe {rElec rCorr Str-5 Slay+4 SInv}
                  | for 613 gold pieces
 59083 | Pan      | Entered Pandemonium
 59593 | Pan      | Noticed Ignacio
 59604 | Pan      | Killed Ignacio
 60143 | Pan      | Entered the realm of Gloorx Vloq.
 60730 | Pan      | Noticed Gloorx Vloq
 60743 | Pan      | Killed Gloorx Vloq
 60757 | Pan      | Got a dark rune of Zot
 61667 | Pan      | Reached XP level 27. HP: 201/201 MP: 23/23
 61668 | Pan      | Noticed Noisma the pandemonium lord
 61677 | Pan      | Killed Noisma the pandemonium lord
 61694 | Pan      | Got a demonic rune of Zot
 63319 | Pan      | Found a glowing silver altar of Zin.
 63366 | Pan      | Identified the +0 buckler "Efitz" {*Slow rElec Str-5 Int+6}
 64121 | Pan      | Found a white marble altar of Elyvilon.
 64177 | Pan      | Identified the +7 chain mail of the Ecumenical Temple
                  | {-Tele Harm Regen+ rCorr}
 64992 | Pan      | Identified the +8 triple sword of Kimiuv {vorpal, rF++ rC+
                  | Int+2 Dex-5}
 65004 | Pan      | Noticed a seraph
 65314 | Pan      | Killed a seraph
 65327 | Pan      | Found a glowing golden altar of the Shining One.
 65386 | Pan      | Identified the +4 quarterstaff of Hudur {vorpal, rF+ rCorr}
 65439 | Depths:4 | Escaped Pandemonium
 65441 | Pan      | Entered Pandemonium
 65613 | Pan      | Found a runed translucent door.
 65756 | Pan      | Paralysed by accursed screaming for 1 turns
 65807 | Pan      | Found Tais's Infernal Boutique.
 65808 | Pan      | Found an opulent altar of Gozag.
 66018 | Pan      | Found an opulent altar of Gozag.
 66031 | Pan      | Found Tais's Quality Elixirs.
 66037 | Pan      | Noticed Tais the pandemonium lord
 66053 | Pan      | Killed Tais the pandemonium lord
 66254 | Pan      | Found an opulent altar of Gozag.
 66262 | Pan      | Bought a potion of experience for 1050 gold pieces
 66262 | Pan      | Bought a potion of invisibility for 168 gold pieces
 66262 | Pan      | Bought 2 potions of heal wounds for 210 gold pieces
 66262 | Pan      | Bought a potion of mutation for 168 gold pieces
 66262 | Pan      | Bought a potion of mutation for 168 gold pieces
 66262 | Pan      | Bought a potion of cancellation for 168 gold pieces
 66262 | Pan      | Bought a potion of cancellation for 168 gold pieces
 66266 | Pan      | Found Tais's Rarities Supply.
 66268 | Pan      | Found Tais's Assorted Sundries.
 66276 | Pan      | Bought a scroll of enchant weapon for 142 gold pieces
 66520 | Pan      | Bought the ring of Haesalem {rPois rCorr AC+4 Dex+3 Stlth-}
                  | for 865 gold pieces
 67474 | Pan      | Noticed Zoob the pandemonium lord
 67493 | Pan      | Killed Zoob the pandemonium lord
 67629 | Pan      | Entered the realm of Cerebov.
 68162 | Pan      | Found an exit through the horrors of the Abyss.
 68415 | Pan      | Identified the +6 double sword "holysushi's Regret"
                  | {vorpal, Int+5}
 68438 | Pan      | Found the +6 sword of Cerebov {flame}
 68438 | Pan      | Noticed Cerebov
 68503 | Pan      | HP: 8/209 [orange demon (12)]
 68688 | Pan      | Killed Cerebov
 68716 | Pan      | Identified the +7 long sword "Vihuty" {vamp, MP-9 Str+6
                  | Int+3}
 68741 | Pan      | Got a fiery rune of Zot
 68786 | Pan      | Identified the +2 trident of Accidental Termination
                  | {vorpal, rN+ Str+4 Dex+3 Stlth-}
 68787 | Pan      | Identified the +5 mace "Kieroqun" {vorpal, *Rage rC+ Int+4}
 68788 | Pan      | Identified the +0 chain mail of a Million Tusks {rElec}
 68895 | Pan      | Identified the +7 shortbow of Conflict {speed, +Blink Will+
                  | rCorr Int-5}
 69273 | Pan      | Entered the realm of Mnoleg.
 69595 | Pan      | Noticed Mnoleg
 69606 | Pan      | Killed Mnoleg
 69687 | Pan      | Identified the amulet "Jaahass" {Spirit SInv}
 69714 | Pan      | Got a glowing rune of Zot
 69740 | Pan      | Identified the +11 spear of Hepliaklqana's Whim {vorpal,
                  | *Corrode Will+ Str+2 Dex+2}
 70307 | Pan      | Found an exit through the horrors of the Abyss.
 70982 | Pan      | Noticed Holuto the pandemonium lord
 71044 | Pan      | Killed Holuto the pandemonium lord
 71237 | Pan      | Entered the realm of Lom Lobon.
 71237 | Pan      | Noticed Lom Lobon
 71590 | Pan      | Got a magical rune of Zot
 71836 | Pan      | Killed Lom Lobon
 72225 | Pan      | Found an exit through the horrors of the Abyss.
 72789 | Pan      | Noticed Maes the pandemonium lord
 72796 | Pan      | Noticed Mennas
 72805 | Pan      | Killed Mennas
 73396 | Depths:4 | Escaped Pandemonium
 73740 | Crypt:1  | Entered Level 1 of the Crypt
 75389 | Crypt:2  | Noticed Saint Roka
 75397 | Crypt:2  | Killed Saint Roka
 76117 | Crypt:3  | Entered Level 3 of the Crypt
 76117 | Crypt:3  | Found a basalt altar of Yredelemnul.
 76594 | Crypt:3  | Identified the +7 arbalest of the Everdark {vorpal, rElec
                  | rC- rN+ Str+4}
 77068 | Crypt:3  | Found a staircase to the Tomb.
 77114 | Crypt:3  | Identified the amulet of Wampiugh {Acrobat Harm Dex+4}
 77936 | Crypt:3  | Noticed an ancient lich
 77936 | Crypt:3  | Noticed an ancient lich
 77944 | Crypt:3  | Killed an ancient lich
 77952 | Crypt:3  | Killed an ancient lich
 78086 | Crypt:3  | Noticed an ancient lich
 78105 | Crypt:3  | Killed an ancient lich
 78111 | Crypt:3  | Got the Commentary on Stolen Souls
 78115 | Crypt:3  | Identified the ring "Kapearoz" {rN++ MP+9 Int-5 Dex+3}
 78117 | Crypt:3  | Identified the ring of Cypum {rF- AC+4 Str+4 Dex+2}
 78508 | Depths:3 | Voluntarily entered the Abyss.
 78513 | Abyss:1  | Found a corrupted altar of Lugonu.
 78903 | Abyss:3  | Got an abyssal rune of Zot
 79202 | Depths:3 | Escaped the Abyss
 79724 | Slime:1  | Entered Level 1 of the Pits of Slime
 79826 | Slime:3  | Found a corrupted altar of Lugonu.
 80362 | Slime:5  | Entered Level 5 of the Pits of Slime
 80478 | Slime:4  | Gained mutation: You occasionally shout uncontrollably at
                  | your foes. [a shining eye]
 80703 | Slime:5  | Noticed the Royal Jelly
 80715 | Slime:5  | Killed the Royal Jelly
 80844 | Slime:5  | Identified the amulet "Yckougid" {RegenMP Harm rPois Dex+3}
 80886 | Slime:5  | Identified the +6 dagger "Dukupot" {flame, Dex+2}
 80887 | Slime:5  | Identified the +7 shortbow of Nemelex Xobeh's Favour
                  | {speed, rF++}
 80911 | Slime:5  | Got a slimy rune of Zot
 81318 | Hell     | Noticed Geryon
 84102 | Hell     | Found a gateway to the ashen valley of Gehenna.
 84127 | Hell     | Killed Geryon
 84278 | Hell     | Found a gateway to the decaying netherworld of Tartarus.
 84364 | Hell     | Found a gateway to the freezing wastes of Cocytus.
 84515 | Hell     | Found a gateway to the Iron City of Dis.
 84688 | Geh:1    | Entered Level 1 of Gehenna
 85525 | Geh:6    | Noticed a dread lich
 85537 | Geh:6    | Killed a dread lich
 85550 | Geh:7    | Entered Level 7 of Gehenna
 85588 | Geh:7    | Reached skill level 1 in Spellcasting
 86328 | Geh:7    | Reached skill level 5 in Spellcasting
 86604 | Geh:7    | Found the +8 storm bow {elec, penet}
 86613 | Geh:7    | Identified the ring "Ocvimuos" {rPois rF- SInv Stlth+}
 86678 | Geh:7    | Identified the +1 ring mail "Poam" {Rampage}
 86993 | Geh:7    | Found the +7 sceptre of Asmodeus
 86993 | Geh:7    | Noticed Asmodeus
 87005 | Geh:7    | Killed Asmodeus
 87025 | Geh:7    | Got an obsidian rune of Zot
 87246 | Hell     | Bought a scroll of enchant weapon for 120 gold pieces
 87246 | Hell     | Bought a scroll of blinking for 120 gold pieces
 87246 | Hell     | Bought a scroll of enchant weapon for 120 gold pieces
 87405 | Dis:1    | Entered Level 1 of the Iron City of Dis
 87558 | Dis:2    | Reached skill level 10 in Spellcasting
 88085 | Dis:4    | Noticed a dread lich
 88404 | Dis:4    | Killed from afar by a Hell Sentinel

Illustrated notes

Levels and vault maps discovered:
D:1:      lemuel_arrival_tunnels, layout_basic, grunt_decor_arrowhead,
          minmay_misc_feat_more_columns, chequers_hall_statues_wall_a
D:2:      layout_loops_ring, serial_shops, nicolae_lakefront_shop,
          minmay_hexomino_r4
D:3:      layout_basic, mainiacjoe_overflow_24_doors, grunt_gozag_statues,
          kennysheep_generic_room_6
D:4:      layout_loops_ring, mainiacjoe_overflow_alcove_4
D:5:      layout_layer_cave, kiku_gazebo_garden_becter,
          nzn_wu_jian_council_hall, chequers_temple_overflow_statue_of_worship,
          lemuel_crystal_altar
D:6:      layout_loops_ring, vehumet_statue, lemuel_crystal_altar,
          mainiacjoe_overflow_two_lobes, temple_fountains, nrook_mini_backslash
D:7:      layout_basic, uniq_joseph, uniq_crazy_yiuf_cottage
D:8:      layout_loops_ring, slow_altar_1, enter_bailey_5,
          kennysheep_just_a_vault
D:9:      layout_loops_ring, lair_entry_dummy
D:10:     layout_irregular_city, amcnicky_altar_gilded, hive_lemuel
D:11:     layout_basic, nicolae_stop_n_shop_2, zin_treasury
D:12:     layout_roguey, hiddenorc2_lemuel, gauntlet_entry_generic
D:13:     layout_long_grid, serial_shops, nicolae_shop_stone, uniq_erolcha,
          uniq_rupert, uniq_kirke
D:14:     layout_small_grid, david_vaults_5,
          nicolae_uskayaw_murder_on_the_dancefloor,
          minmay_misc_feat_four_crosses, nicolae_ru_sacrificial_ziggurat,
          uniq_frances, uniq_jorgrun
D:15:     gammafunk_enter_depths_forms, layout_long_grid
Lair:1:   layout_loops_ring, lemuel_fruit_fields, uniq_nergalle
Lair:2:   layout_regular_city, swamp_mist_pool, nicolae_volcano_entry_hallway,
          uniq_amaemon
Lair:3:   layout_loops_ring, guppyfry_snake_entry_island
Lair:4:   layout_cave_pods, slime_entry_1
Lair:5:   gammafunk_lair_ancient_temple, layout_gridlike, serial_bayou_shore_b,
          lemuel_fruit_tree, uniq_snorg
Swamp:1:  layout_basic_swamp, lemuel_altar_in_water, swamp_pool1,
          nicolae_swamp_necromancer_hut, uniq_josephine
Swamp:2:  layout_falls_marsh, nicolae_swamp_big_swirl, swamp_pool2,
          nicolae_swamp_feature_on_the_river_bank
Swamp:3:  layout_basic_swamp, nicolae_swamp_treefoil, uniq_donald
Swamp:4:  swamp_old_school, layout_basic_swamp, swamp_pool1
Snake:1:  nicolae_snake_shooting_gallery, layout_cave_pods, serial_shops,
          shop_fountains, uniq_aizul
Snake:2:  layout_cave_town, grunt_megastairs_2
Snake:3:  layout_grid_shapes
Snake:4:  hellmonk_snake_rune_quicksilver_temple, layout_cave_town
Slime:1:  layout_caves
Slime:2:  layout_caves, cheibrodos_slime_lost_civilization_6
Slime:3:  cheibrodos_slime_lost_civilization_10, layout_caves,
          amcnicky_altar_lugonu_corruption
Slime:4:  layout_caves
Slime:5
Orc:1:    cheibrodos_orc_arena, layout_diamond_mine
Orc:2:    st_orc_pillars, layout_diamond_mine, serial_shops, shop_fountains
Elf:1:    minmay_elf_arrival_summoners, layout_geoelf_diagonals,
          minmay_elf_annihilation, dk_noncrumbling_3,
          nicolae_elf_deep_friendship
Elf:2:    nicolae_elf_blades_splatter_lattice
          [nicolae_blade_entry_sentries_behind_glass], layout_loops_cross,
          serial_shops, shop, minivault_16, nicolae_elf_martial_mastery
Elf:3:    grunt_elf_hall_spiral, layout_loops_corners,
          nicolae_shop_i_like_big_books, uniq_zenata
Vaults:1: vaults_mumra_lcd, kb_rosetta, vaults_dpeg_diagonal,
          hangedman_vaults_locks, grunt_vaults_swirl, v_misc_26,
          ontoclasm_vaults_chip, hangedman_vaults_stretched_pinwheel,
          ontoclasm_vaults_fault, nicolae_vaults_rhombus_5,
          vaults_dpeg_encased_lava, grunt_vaults_hallway_short,
          layout_vaults_omnicross
Vaults:2: hangedman_vaults_slither, v_pattern_4,
          nicolae_vaults_stairing_the_circle, vaults_standard_mumra_lines,
          v_alt_pattern_5, hangedman_vaults_impose, v_misc_31,
          nicolae_vaults_theta, layout_vaults_chaotic_city, serial_shops, shop
Vaults:3: minmay_crypt_entry_simple_round, v_alt_pattern_6,
          nicolae_vaults_minivaults, v_misc_9, nicolae_vaults_little_squares_3,
          ontoclasm_vaults_misaligned, v_misc_12, nicolae_vaults_network_square,
          hangedman_vaults_trim, ontoclasm_vaults_ring_small,
          nicolae_vaults_little_ls, layout_vaults_omnigrid, serial_shops,
          nicolae_shop_crystal
Vaults:4: lightli_enter_wizlab_magi_temple, grunt_vaults_bifocal,
          vaults_room_fours, hangedman_vaults_corner_blocks,
          nicolae_vaults_network_s, nicolae_vaults_border_crossing,
          nicolae_vaults_windows_and_doors_thing, v_misc_19,
          vaults_room_stairs_pillars, grunt_vaults_funnel, v_alt_pattern_1,
          v_alt_pattern_2, layout_vaults_ring, uniq_jory
Vaults:5: serial_shops, uniq_margery
Crypt:1:  layout_catacombs
Crypt:2:  layout_chaotic_city, uniq_saint_roka
Crypt:3:  david_glass_crypt, layout_rooms, tomb_entry_simple_bobbens,
          basic_altar, due_unseen_surprise
Depths:1: minmay_strange_plus, layout_cave_shapes, lightli_too_deep,
          minmay_crystal_water, serial_shops, shop_coins,
          kennysheep_windowed_goal
Depths:2: hangedman_cross_cluster, layout_cave_pools, enter_ziggurat_a,
          pf_hell_entry_tar_river, minmay_misc_feat_iff, rand_demon_pan_entry_4,
          lemuel_blue_sif_altar, minmay_shop_grove, infiniplex_staircase_spiral
Depths:3: minmay_octo_star, layout_cave_shapes, roderic_lattice_a,
          pf_hell_entry_great_geh, abyss_entry
Depths:4: grunt_zot_entry_pinwheel, layout_cave_pools, grunt_pan_entry_sceptre,
          hell_entry
Hell
Dis:1:    layout_subdivisions
Dis:2:    layout_subdivisions
Dis:3:    layout_jigsaw
Dis:4:    nicolae_dis_pentagon_1, layout_regular_city
Geh:1:    layout_gehenna_pools_box
Geh:2:    layout_gehenna_pools_basic, nicolae_geh_lava_in_the_way
Geh:3:    layout_gehenna_lava_caves, hangedman_elemental_grid_stream
Geh:4:    layout_gehenna_pools_box
Geh:5:    layout_gehenna_pools_box
Geh:6:    layout_gehenna_pools_basic, nicolae_geh_rippling_lava
Geh:7:    geh_old

Skill      XL: |  1  2  3  4  5  6  7  8  9 10 11 12 13 14 15 16 17 18 19 20 21 22 23 24 25 26 27 |
---------------+----------------------------------------------------------------------------------+-----
Short Blades   | 1 2 4 5 6 7 8 |  8.5
Stealth        | 4 5 8 9 10 12 13 16 19 20 21 26 | 26.9
Fighting       | 4 5 6 8 12 14 15 17 19 26 | 26.9
Dodging        | 7 9 11 13 15 16 18 19 21 22 23 26 | 26.9
Evocations     | 3 4 6 8 10 11 15 16 26 | 26.9
Ranged Weapons | 3 11 15 16 18 20 21 22 23 25 26 | 26.9
Spellcasting   | 11 | 11.0
Long Blades    | |  3.8

Action                   |  1- 3 |  4- 6 |  7- 9 | 10-12 | 13-15 | 16-18 | 19-21 | 22-24 | 25-27 || total
-------------------------+-------+-------+-------+-------+-------+-------+-------+-------+-------++-------
Melee: Falchion          |    24 |       |       |       |       |       |       |       |       ||    24
       Constrict         |    16 |    21 |    85 |    50 |    43 |     6 |       |    24 |     4 ||   249
       Punch             |     3 |     3 |    23 |    24 |    15 |       |       |     4 |       ||    72
       Quick blade       |    42 |   148 |   591 |   967 |   587 |    51 |     1 |   165 |    28 ||  2580
       Tentacles         |    11 |    31 |   229 |   334 |   195 |    20 |       |    92 |     9 ||   921
       Double sword      |       |       |       |       |       |       |       |     2 |       ||     2
 Fire: Longbow           |       |       |       |     9 |   732 |  1158 |  1230 |   888 |  2606 ||  6623
       Triple crossbow   |       |       |       |       |       |       |    31 |    39 |   409 ||   479
       Shortbow          |       |       |       |       |       |       |       |       |  2136 ||  2136
Invok: Call Merchant     |       |       |       |     2 |     2 |       |       |       |    14 ||    18
 Abil: Evoke Blink       |       |       |       |       |       |       |       |       |    23 ||    23
Evoke: Wand              |       |       |     2 |    12 |       |     4 |       |       |     8 ||    26
       Condenser vane    |       |       |     1 |     1 |     3 |       |       |       |       ||     5
       Phial of floods   |       |       |       |       |     1 |       |       |       |       ||     1
       Phantom mirror    |       |       |       |       |       |       |       |       |     2 ||     2
       Box of beasts     |       |       |       |       |       |       |       |       |     1 ||     1
  Use: Scroll            |     2 |     6 |     6 |    17 |     8 |     1 |    12 |     5 |    23 ||    80
       Potion            |       |       |     2 |     1 |    10 |     5 |       |     7 |    20 ||    45
 Stab: Sleeping          |    11 |    12 |    22 |    13 |    11 |     1 |       |     4 |       ||    74
       Distracted        |       |       |     3 |     8 |     3 |       |     1 |     5 |     2 ||    22
       Paralysed         |       |       |       |     2 |       |       |       |       |       ||     2
       Invisible         |       |       |       |       |     4 |       |       |       |     8 ||    12
Armor: Skin              |     4 |    17 |    41 |    51 |    81 |    23 |     5 |     5 |    28 ||   255
Dodge: Dodged            |    23 |    50 |   246 |   303 |   607 |   304 |   201 |   330 |  1934 ||  3998

Table legend: (Time is in decaauts)
 A = Elapsed time spent in this place.
 B = Non-inter-level travel time spent in this place.
 C = Inter-level travel time spent in this place.
 D = Time resting spent in this place.
 E = Time spent auto-exploring this place.
 F = Levels seen in this place.
 G = Mean time per level.
                   A        B        C        D        E       F      G
               +--------+--------+--------+--------+--------+-----+--------+
         Total |  83202 |  78539 |   4663 |  21119 |  38448 |  85 |  978.8 |
       Dungeon |  16358 |  14776 |   1582 |   2449 |   9196 |  15 | 1090.5 |
          Lair |   7352 |   6676 |    676 |   1792 |   3185 |   5 | 1470.4 |
         Swamp |   5104 |   4952 |    152 |   1954 |   2007 |   4 | 1276.0 |
     Snake Pit |   4473 |   4334 |    139 |    924 |   2747 |   4 | 1118.2 |
    Slime Pits |   1161 |   1056 |    105 |    538 |      0 |   5 |  232.2 |
  Orcish Mines |   1796 |   1661 |    135 |     40 |   1178 |   2 |  898.0 |
   Elven Halls |   4941 |   4740 |    201 |   1830 |   2067 |   3 | 1647.0 |
        Vaults |   8847 |   8160 |    687 |   1246 |   5192 |   5 | 1769.4 |
         Crypt |   4324 |   4073 |    251 |   1357 |   2007 |   3 | 1441.3 |
        Depths |   8556 |   8135 |    421 |   3628 |   2987 |   4 | 2139.0 |
          Hell |   1471 |   1406 |     65 |    595 |    400 |   1 | 1471.0 |
           Dis |    415 |    342 |     73 |    100 |      2 |   4 |  103.8 |
       Gehenna |   2290 |   2120 |    170 |    987 |    284 |   7 |  327.1 |
         Abyss |    573 |    573 |      0 |    103 |      0 |   3 |  191.0 |
   Pandemonium |  13141 |  13141 |      0 |   2848 |   6811 |  17 |  773.0 |
        Bailey |   1284 |   1284 |      0 |    465 |    200 |   1 | 1284.0 |
        Wizlab |    784 |    784 |      0 |    257 |     62 |   1 |  784.0 |
      Gauntlet |    325 |    325 |      0 |      0 |    123 |   1 |  325.0 |
               +--------+--------+--------+--------+--------+-----+--------+

Top non-repeatable levels by time:
Depths:1: 3834 daAuts
Depths:3: 2268 daAuts
   Elf:3: 2263 daAuts
 Swamp:4: 2094 daAuts
Vaults:4: 2080 daAuts
Vaults:3: 1885 daAuts
Vaults:5: 1874 daAuts
  Lair:5: 1747 daAuts
  Lair:4: 1744 daAuts
  Lair:2: 1728 daAuts
Vaults:2: 1662 daAuts
    D:13: 1610 daAuts
   Elf:2: 1573 daAuts
   Geh:7: 1570 daAuts
 Crypt:2: 1516 daAuts
